 Dungeon Crawl Stone Soup version 0.29.1-15-g9cfb28693d (webtiles) character file.

Game seed: 10584214399521288652

8393 SgtHiss the Slasher (level 11, -14/97 HPs)
             Began as a Naga Fighter on Apr 2, 2023.
             Was a Priest of Fedhas.
             Killed from afar by an ice dragon (25 damage)
             ... with a blast of cold
             ... on level 3 of the Lair of Beasts.
             The game lasted 00:42:50 (6400 turns).

SgtHiss the Slasher (Naga Fighter)                  Turns: 6400, Time: 00:42:51

Health: -14/97     AC: 24    Str: 20    XL:     11   Next: 30%
Magic:  14/14      EV:  7    Int: 16    God:    Fedhas [***...]
Gold:   143        SH:  8    Dex: 18    Spells: 10/10 levels left

rFire   + . .      SeeInvis +   a - +1 long sword
rCold   . . .      Faith    .   c - +2 buckler
rNeg    + . .      Spirit   .   b - +1 scale mail
rPois   +          Reflect  .   (helmet restricted)
rElec   +          Harm     .   n - scarf {repulsion}
rCorr   .          Rampage  .   (no gloves)
Will    +....                   h - +10 Black Knight's barding {ponderous, rPois rN+}
Stlth   +++.......              r - amulet "Acaodix" {*Corrode Regen+ Int+6}
HPRegen 1.06/turn               e - ring of protection from fire
MPRegen 0.14/turn               l - +6 ring of dexterity

@: repel missiles, unable to drink, very slow
A: AC +3, large, see invisible, deformed body, poison resistance, slowness 2,
spit poison 1, naga tail 1, antennae 1, electricity resistance, inability to
drink after injury 1, MP-powered wands
a: Spit Poison, Renounce Religion, Wall of Briars, Grow Ballistomycete


You were on level 3 of the Lair of Beasts.
You worshipped Fedhas.
Fedhas was most pleased with you.
You visited 2 branches of the dungeon, and saw 13 of its levels.
You also visited: Ossuary.

You collected 574 gold pieces.
You spent 431 gold pieces at shops.

Inventory:

Hand Weapons
 a - a +1 long sword (weapon)
 d - a +0 antimagic scythe
 y - a +0 antimagic flail
Missiles
 g - 6 boomerangs (quivered)
 i - 4 poisoned darts
Armour
 b - a +1 scale mail (worn)
 c - a +2 buckler (worn)
 h - the +10 Black Knight's barding (worn) {ponderous, rPois rN+}
   (You acquired it in an ossuary)

   rPois:     It protects you from poison.
   rN:        It protects you from negative energy.
 n - a scarf of repulsion (worn)
Jewellery
 e - a ring of protection from fire (left hand)
 k - an amulet of guardian spirit
 l - a +6 ring of dexterity (right hand)
 r - the amulet "Acaodix" (around neck) {*Corrode Regen+ Int+6}
   (You acquired it on level 1 of the Dungeon)

   [amulet of regeneration]

   Int:       It affects your intelligence (+6).
   Regen:     It increases your rate of health regeneration.
   *Corrode:  It may corrode you when you take damage.
 z - an amulet of faith
 C - a ring of protection from fire
Scrolls
 f - a scroll of vulnerability
 j - a scroll of poison
 m - 3 scrolls of teleportation
 o - 4 scrolls of amnesia
 s - 3 scrolls of butterflies
 B - a scroll of torment
 E - a scroll of summoning {unknown}
 F - a scroll of brand weapon {unknown}
Potions
 p - 2 potions of lignification {unknown}
 q - 3 potions of brilliance
 t - 2 potions of ambrosia
 u - a potion of invisibility
 v - a potion of resistance {unknown}
 w - a potion of attraction
 x - 2 potions of berserk rage {unknown}
 A - a potion of heal wounds
 D - a potion of curing


   Skills:
 * Level 6.1 Fighting
 * Level 4.7(6.9) Short Blades
 * Level 7.8(8.5) Long Blades
 * Level 3.6 Maces & Flails
 * Level 3.7 Throwing
 * Level 6.1 Armour
 * Level 3.7 Dodging
 * Level 7.5 Stealth
 * Level 5.4 Shields
 * Level 4.4 Invocations
 * Level 4.0 Evocations


You had 10 spell levels left.
You didn't know any spells.
Your spell library contained the following spells:

 Spells                   Type           Power      Damage    Failure   Level
 Dazzling Flash           Conj/Hex       0%         N/A       94%         3
 Yara's Violent Unravell  Hex/Tmut       0%         3d3       100%        5
 Dragon Form              Tmut           0%         N/A       100%        7


Dungeon Overview and Level Annotations

Branches:
Dungeon (10/15)            Temple (0/1) D:7            Lair (3/5) D:10
 Shoals (0/4) Lair:2        Snake (0/4) Lair:2      Ossuary (visited)
    Orc: D:9-12

Altars:
Ashenzari
Fedhas
Okawaru
Qazlal
Wu Jian

Shops:
D:1 **   D:2 [   D:4 =   D:9 ?

Portals:
Ice
Cave: Lair:3

Annotations:
D:4 2 transporters, Ast3rio's ghost, novice DjIE
D:9 1 runed translucent door, nonceun's ghost, novice MiBe


Innate Abilities, Weirdness & Mutations

Your serpentine skin is tough. (AC +3)
You have supernaturally acute eyesight. (SInv)
Armour fits poorly on your strangely shaped body.
Your system is resistant to poisons. (rPois)
You cover ground very slowly.
You can spit poison.
You have a snake-like lower body.
You have a pair of small antennae on your head.
You are resistant to electric shocks. (rElec)
You occasionally lose the ability to drink potions when taking damage.
You expend magic power (3 MP) to strengthen your wands.


Message History

Aiming: Spit Poison (1% risk of failure)
Press: ? - help, Shift-Dir - straight line, f - ice dragon
Aim: an ice dragon (lightly wounded, 74% to hit)
The splash of poison hits the ice dragon but does no damage.
The ice dragon is poisoned.
The ice dragon is lightly wounded.
You block the ice dragon's attack.
The ice dragon claws you but does no damage.
The ice dragon tramples you but does no damage.
You hit the ice dragon but do no damage.
The ice dragon is lightly wounded.
The ice dragon breathes frost at you. The blast of cold hits you!!
You hit the ice dragon but do no damage.
The ice dragon is lightly wounded.
The ice dragon breathes frost at you. The blast of cold misses you.
You barely miss the ice dragon.
The ice dragon is lightly wounded.
The ice dragon bites you.
The ice dragon claws you but does no damage.
The ice dragon tramples you.
You hold your ground!
You hit the ice dragon.
The ice dragon is lightly wounded.
You have got your breath back.
The ice dragon breathes frost at you. The blast of cold hits you!!!
You feel threatened and lose the ability to drink potions!
* * * LOW HITPOINT WARNING * * *
You cannot drink potions in your current state!
Unknown command.
The ice dragon bites you.
* * * LOW HITPOINT WARNING * * *
You block the ice dragon's attack. The ice dragon barely misses you.
The ice dragon attacks as you move away!
The ice dragon barely misses you. x2; You block the ice dragon's attack.
The ice dragon breathes frost at you. The blast of cold hits you!!
You die...
Fedhas appreciates your contribution to the ecosystem.

#.###........#
..........#..######## #
......##..##..P#.#.P######
........#.........ยง.P#..##
........+.........'.......
..................#.##.#P.
......#.#..........#######
###.# ##..........## ## #
##@####....# #.
##.#####...# ## ##D# ####.#
#{## ## #h # Yh # ##. ###
### .. ##..###.#### ..
#..P.##..#.#


You could see an ice dragon (poisoned, catching breath).

Vanquished Creatures
  A merfolk siren (Lair:2)
  4 black mambas (Lair:2)
  Maggie (D:6)
  3 cane toads
  A komodo dragon (Lair:2)
  A rime drake (Lair:2)
  2 polar bears (Lair:3)
  Sigmund (D:2)
  2 wyverns
  5 yaks
  2 steam dragons
  6 water moccasins
  4 black bears
  A sky beast (D:7)
  An orc warrior (D:8)
  6 wolves
  A phantom (D:5)
  6 bullfrogs
  A gnoll sergeant (D:5)
  3 killer bees (D:9)
  2 centaur zombies (Ossuary)
  2 hounds
  2 bullfrog zombies (Ossuary)
  A jelly (D:4)
  An orc priest (D:8)
  An iguana (D:6)
  2 orc wizards
  Natasha (thrice) (D:2)
  3 scorpion zombies (Ossuary)
  A mummy (Ossuary)
  7 adders
  4 gnolls (D:5)
  An ufetubus (D:4)
  3 adder zombies (Ossuary)
  2 worms (D:2)
  4 dart slugs
  21 orcs
  3 ball pythons
  5 bats
  9 endoplasms
  8 gnoll zombies (Ossuary)
  3 goblins
  8 hobgoblins
  6 kobolds
  3 quokkas
  5 frilled lizards
  3 goblin zombies (Ossuary)
  4 hobgoblin zombies (Ossuary)
  4 orc zombies (Ossuary)
  A quokka zombie (D:5)
  4 rats
  A rat zombie (D:5)
179 creatures vanquished.

Vanquished Creatures (collateral kills)
  2 yaks (Lair:3)
  5 ballistomycete spores
7 creatures vanquished.

Vanquished Creatures (others)
  A ballistomycete spore (D:8)
  29 fungi
  72 plants
102 creatures vanquished.

Grand Total: 288 creatures vanquished

Notes
Turn   | Place    | Note
-------+----------+-------------------------------------------
     0 | D:1      | SgtHiss the Naga Fighter began the quest for the Orb.
     0 | D:1      | Reached XP level 1. HP: 21/21 MP: 1/1
   164 | D:1      | Found Ledips's General Store.
   225 | D:2      | Reached XP level 2. HP: 28/28 MP: 2/2
   322 | D:2      | Reached skill level 1 in Stealth
   366 | D:2      | Found Juagus's Armour Shop.
   383 | D:2      | Reached XP level 3. HP: 34/34 MP: 3/3
   385 | D:2      | Noticed Sigmund
   397 | D:2      | Killed Sigmund
   398 | D:2      | Reached skill level 1 in Short Blades
   398 | D:2      | Reached skill level 1 in Dodging
   398 | D:2      | Reached XP level 4. HP: 11/43 MP: 0/4
   398 | D:2      | Reached XP level 5. HP: 12/49 MP: 0/5
   746 | D:3      | Found an iron altar of Okawaru.
   746 | D:3      | Found a blossoming altar of Fedhas.
   812 | D:3      | Became a worshipper of Fedhas Madash
   896 | D:3      | Found a stormy altar of Qazlal.
   959 | D:3      | Reached XP level 6. HP: 57/57 MP: 6/6
  1137 | D:3      | Noticed a steam dragon
  1142 | D:3      | Gained mutation: You occasionally lose the ability to drink
                  | potions when taking damage. [potion of mutation]
  1142 | D:3      | Gained mutation: You are resistant to electric shocks.
                  | (rElec) [potion of mutation]
  1142 | D:3      | Gained mutation: You have a pair of small antennae on your
                  | head. [potion of mutation]
  1142 | D:3      | Gained mutation: You expend magic power (3 MP) to
                  | strengthen your wands. [potion of mutation]
  1157 | D:3      | Killed a steam dragon
  1633 | D:2      | Reached * piety under Fedhas
  1651 | D:2      | Noticed Natasha
  1655 | D:2      | Killed Natasha
  1671 | D:2      | Noticed Natasha
  1680 | D:2      | Killed Natasha
  1896 | D:2      | Noticed Natasha
  1912 | D:2      | Killed Natasha
  1913 | D:2      | Reached XP level 7. HP: 56/63 MP: 5/7
  2587 | D:1      | Found Nami's Assorted Antiques.
  2595 | D:1      | Bought a scroll of identify for 48 gold pieces
  2595 | D:1      | Bought a scroll labelled HAMEMM JEUTZE for 24 gold pieces
  2595 | D:1      | Bought a scroll of identify for 48 gold pieces
  2625 | D:1      | Identified a scroll of acquirement
  2626 | D:1      | Acquired the amulet "Acaodix" {*Corrode Regen+ Int+6}
  2825 | D:1      | Bought a scroll of butterflies for 48 gold pieces
  2889 | D:1      | Got Meorawici's Compilation of Energetic Shaping
  3269 | D:4      | Found a transporter.
  3273 | D:4      | Noticed Ast3rio's ghost (novice DjIE)
  3278 | D:4      | Found a transporter.
  3295 | D:4      | Found Reum Gei's Jewellery Boutique.
  3357 | D:5      | Entered Level 5 of the Dungeon
  3363 | D:5      | Reached skill level 1 in Invocations
  3376 | D:5      | Reached ** piety under Fedhas
  3411 | D:5      | Found an ornate altar of the Wu Jian Council.
  3502 | D:5      | Reached skill level 1 in Throwing
  3502 | D:5      | Reached XP level 8. HP: 55/72 MP: 7/9
  3520 | D:5      | Found a sand-covered staircase.
  3535 | Ossuary  | Entered an ossuary
  3614 | Ossuary  | Reached skill level 1 in Evocations
  3744 | Ossuary  | Reached *** piety under Fedhas
  3814 | Ossuary  | Noticed a silent spectre
  3865 | Ossuary  | Acquired the +10 Black Knight's barding {ponderous, rPois
                  | rN+}
  3865 | Ossuary  | Found the +10 Black Knight's barding {ponderous, rPois rN+}
  4582 | D:6      | Noticed Maggie
  4605 | D:6      | Killed Maggie
  4606 | D:6      | Reached skill level 5 in Long Blades
  4668 | D:7      | Found a staircase to the Ecumenical Temple.
  4716 | D:7      | Reached XP level 9. HP: 79/79 MP: 3/10
  4727 | D:7      | Reached skill level 1 in Maces & Flails
  4915 | D:8      | Reached skill level 5 in Stealth
  4921 | D:8      | Noticed a troll
  4968 | D:9      | Found a broken altar of Ashenzari.
  5047 | D:9      | Noticed nonceun's ghost (novice MiBe)
  5049 | D:9      | Found a runed translucent door.
  5113 | D:9      | Noticed a two-headed ogre
  5218 | D:9      | Found Utomperi's Magic Scroll Boutique.
  5233 | D:9      | Bought a scroll of identify for 34 gold pieces
  5233 | D:9      | Bought a scroll of blinking for 127 gold pieces
  5233 | D:9      | Bought a scroll of teleportation for 51 gold pieces
  5233 | D:9      | Bought a scroll of teleportation for 51 gold pieces
  5240 | D:10     | Entered Level 10 of the Dungeon
  5253 | D:10     | Found a staircase to the Lair.
  5253 | D:10     | Noticed a kobold demonologist
  5267 | Lair:1   | Entered Level 1 of the Lair of Beasts
  5325 | Lair:1   | Noticed a cane toad
  5341 | Lair:1   | Killed a cane toad
  5342 | Lair:1   | Reached skill level 5 in Fighting
  5342 | Lair:1   | Reached skill level 5 in Armour
  5343 | Lair:1   | HP: 3/81 [poisoned by a cane toad]
  5458 | Lair:2   | Noticed a rime drake
  5476 | Lair:2   | Killed a rime drake
  5537 | Lair:2   | Found a staircase to the Snake Pit.
  5537 | Lair:2   | Noticed a black mamba
  5551 | Lair:2   | Noticed a black mamba
  5582 | Lair:2   | Reached XP level 10. HP: 13/88 MP: 12/12
  5760 | Lair:2   | Killed a black mamba
  5858 | Lair:2   | Killed a black mamba
  5858 | Lair:2   | Reached **** piety under Fedhas
  5969 | Lair:2   | Reached skill level 5 in Shields
  5976 | Lair:2   | Noticed a black mamba
  5991 | Lair:2   | Killed a black mamba
  6023 | Lair:2   | Noticed a black mamba
  6038 | Lair:2   | Noticed a merfolk siren
  6060 | Lair:2   | Killed a black mamba
  6082 | Lair:2   | Killed a merfolk siren
  6083 | Lair:2   | Reached XP level 11. HP: 91/97 MP: 14/14
  6089 | Lair:2   | Found a staircase to the Shoals.
  6161 | Lair:2   | Identified the -2 pair of gloves of the Merchant {Str+4
                  | Dex+2}
  6357 | Lair:3   | Found a frozen archway.
  6357 | Lair:3   | Noticed an ice dragon
  6400 | Lair:3   | Killed from afar by an ice dragon

Illustrated notes

Levels and vault maps discovered:
D:1:      lightli_arrival_farm, layout_loops_ring, serial_shops,
          nicolae_shop_crystal, nicolae_shop_hallway_stairs, serial_bayou,
          serial_bayou_pond_d, serial_bayou_pond_c, serial_bayou_pond_c,
          serial_bayou_lagoon_a
D:2:      layout_loops_ring, serial_shops, shop, hex_medium,
          minmay_indecisive_spiral, uniq_natasha, uniq_sigmund
D:3:      layout_rooms, chequers_temple_overflow_statue_of_worship,
          nicolae_qazlal_general_emergency, kennysheep_boxes
D:4:      cheibrodos_pilgrimage, layout_cave_pools, serial_shops, shop,
          gammafunk_ghost_mausoleum
D:5:      layout_basic, amcnicky_altar_gilded, enter_ossuary_4,
          hangedman_decor_push, minivault_11
D:6:      layout_cave_pools, tso_altar, kennysheep_slug_shrine,
          gammafunk_ghost_icy, minmay_misc_feat_rugged,
          amcnicky_mini_rare_corridor_liquid, corner_web_ring, uniq_maggie
D:7:      layout_loops_ring, nicolae_overflow_quartered_altars,
          minmay_temple_entry_water_ring, minivault_24
D:8:      layout_basic, palyth_temple_overflow_mages,
          mainiacjoe_overflow_tiny_flanked
D:9:      layout_basic, nicolae_ashenzari_panopticon, serial_shops,
          nicolae_square_shop, hellmonk_ghost_happy_afterlife
D:10:     layout_rooms, bloody_makhleb, due_lair_maze_entry_diamond,
          kennysheep_orc_monster_closet_entryway, hangedman_decor_slide_cut,
          uniq_grum, uniq_erolcha
Lair:1:   layout_chaotic_city, kennysheep_rathole, serial_bayou_shore_b,
          grunt_megastairs_5, serial_bayou_shore_a
Lair:2:   layout_gridlike, minmay_shoals_entry_lonely_mermaid,
          minmay_snake_entry_six_corridors, beast_lair_carwin_9,
          infiniplex_staircase_pool
Lair:3:   layout_roguey, portal_ice_cave_entry_animals_and_master,
          infiniplex_staircase_pool_2, serial_bayou_shore_b

Skill      XL: |  1  2  3  4  5  6  7  8  9 10 11 |
---------------+----------------------------------+-----
Stealth        | 1 2 3 4 5 7 |  7.5
Short Blades   | 1 2 3 4 |  4.7
Armour         | 3 4 5 6 |  6.1
Dodging        | 1 2 3 |  3.7
Shields        | 3 4 5 |  5.4
Long Blades    | 3 4 5 6 7 |  7.8
Fighting       | 4 5 6 |  6.1
Invocations    | 1 2 3 4 |  4.4
Throwing       | 1 2 3 |  3.7
Evocations     | 1 2 3 4 |  4.0
Maces & Flails | 2 3 |  3.6

Action                   |  1- 3 |  4- 6 |  7- 9 | 10-12 || total
-------------------------+-------+-------+-------+-------++-------
Melee: Long sword        |    28 |    85 |   356 |   260 ||   729
       Flail             |       |       |    15 |       ||    15
Throw: Boomerang         |       |     1 |    33 |    18 ||    52
Invok: Grow Ballistomyce |       |       |     2 |       ||     2
       Overgrow          |       |       |       |     1 ||     1
 Abil: Spit Poison       |    10 |    28 |    55 |    27 ||   120
Evoke: Wand              |       |       |     3 |       ||     3
  Use: Potion            |     1 |     3 |     8 |     1 ||    13
       Scroll            |       |     2 |    23 |     3 ||    28
 Stab: Sleeping          |       |       |     1 |     1 ||     2
Armor: Scale mail        |    14 |    87 |   365 |   229 ||   695
Dodge: Dodged            |    18 |    57 |   227 |   101 ||   403
       Repelled          |       |       |     1 |       ||     1
Block: Buckler           |     7 |    28 |   214 |   133 ||   382
